 Dungeon Crawl Stone Soup version 0.29-a0-824-gd827844252 (webtiles) character file.

Game seed: 1506312624732216193

2494726 magipi the Impregnable (level 26, 248/248 HPs)
             Began as a Minotaur Berserker on July 8, 2022.
             Was the Champion of Trog.
             Escaped with the Orb
             ... and 4 runes on July 10, 2022!
             The game lasted 04:05:00 (62055 turns).

magipi the Impregnable (Minotaur Berserker)        Turns: 62055, Time: 04:05:01

Health: 248/248    AC: 48    Str: 46    XL:     26   Next: 52%
Magic:  22/22      EV: 21    Int:  7    God:    Trog [******]
Gold:   4398       SH: 26    Dex: 18    Spells: 25/25 levels left

rFire   + . .      SeeInvis +   a - +9 broad axe (flame)
rCold   + . .      Faith    .   u - +4 kite shield "Vagasm" {Will+ Str+7 Dex+3}
rNeg    + . .      Spirit   .   p - +11 gold dragon scales
rPois   +          Reflect  +   o - +1 hat "Tyucracs" {Will++ rCorr Int-2 Slay+2}
rElec   +          Harm     .   F - +4 dragonskin cloak
rCorr   +          Rampage  .   Q - +1 pair of gloves {Str+3}
Will    +++++                   g - +1 pair of boots
Stlth   ..........              r - amulet of reflection
HPRegen 0.51/turn               i - ring of Autotheism {rElec Will+ Str+6 Dex-3 SInv}
MPRegen 0.18/turn               n - ring "Barph" {Drain rElec rN+ Str+6 Int+3, =R}

@: studying Unarmed Combat
A: horns 2, retaliatory headbutt, MP-powered wands
0: Orb of Zot
}: 4/15 runes: decaying, serpentine, slimy, silver
a: Renounce Religion, Berserk, Trog's Hand, Brothers in Arms


You escaped.
You worshipped Trog.
Trog was exalted by your worship.
You visited 10 branches of the dungeon, and saw 53 of its levels.
You also visited: Sewer and Bailey.

You collected 8772 gold pieces.
You spent 4374 gold pieces at shops.

Inventory:

Hand Weapons
 a - a +9 broad axe of flaming (weapon)
   (Trog gifted it to you on level 3 of the Lair of Beasts)
Missiles
 y - a boomerang
 H - 2 silver boomerangs
 R - 2 throwing nets (quivered)
 S - 7 javelins
 U - 4 curare-tipped darts
Armour
 g - a +1 pair of boots (worn)
   (You found it on level 9 of the Dungeon)
 o - the +1 hat "Tyucracs" (worn) {Will++ rCorr Int-2 Slay+2}
   (You acquired it on level 3 of the Swamp)

   Int:       It affects your intelligence (-2).
   Slay:      It affects your accuracy & damage with ranged weapons and melee
   (+2).
   rCorr:     It protects you from acid and corrosion.
   Will:      It greatly increases your willpower.
 p - +11 gold dragon scales (worn)
   (You found it on level 2 of the Depths)
 u - the +4 kite shield "Vagasm" (worn) {Will+ Str+7 Dex+3}
   (You found it on level 3 of the Elven Halls)

   Str:       It affects your strength (+7).
   Dex:       It affects your dexterity (+3).
   Will:      It increases your willpower.
 F - the +4 dragonskin cloak (worn)
   (You took it off Tiamat on level 3 of the Realm of Zot)

   It grants the wearer a chance to resist fire, cold, poison, electricity,
   acid, and negative energy.
 Q - a +1 pair of gloves of strength (worn)
   (You found it in a sewer)
Jewellery
 f - the ring of Watz {rF+ Str+6}
   (You found it on level 4 of the Vaults)

   [ring of strength]

   Str:       It affects your strength (+6).
   rF:        It protects you from fire.
 i - the ring of Autotheism (left hand) {rElec Will+ Str+6 Dex-3 SInv}
   (You found it on level 5 of the Realm of Zot)

   [ring of strength]

   Str:       It affects your strength (+6).
   Dex:       It affects your dexterity (-3).
   rElec:     It insulates you from electricity.
   SInv:      It lets you see invisible.
   Will:      It increases your willpower.
 n - the ring "Barph" (right hand) {Drain rElec rN+ Str+6 Int+3, =R}
   (You acquired it on level 2 of the Orcish Mines)

   [ring of positive energy]

   Str:       It affects your strength (+6).
   Int:       It affects your intelligence (+3).
   rElec:     It insulates you from electricity.
   rN:        It protects you from negative energy.
   Drain:     It drains your maximum health when unequipped.
 r - an amulet of reflection (around neck)
   (You found it on level 7 of the Dungeon)
 s - a +4 ring of slaying
   (You found it on level 14 of the Dungeon)
 L - the amulet of Ysaxkeky {Reflect rC+ MP+9 SH+5}
   (You took it off a yellow draconian on level 4 of the Realm of Zot)

   [amulet of reflection]

   It reflects blocked missile attacks.
   rC:        It protects you from cold.
   MP:        It affects your magic capacity (+9).
   SH:        It affects your SH (+5).
Wands
 j - a wand of flame (68)
   (You found it on level 3 of the Lair of Beasts)
 k - a wand of mindburst (43)
   (You took it off Ijyb on level 3 of the Dungeon)
 w - a wand of polymorph (15)
   (You found it on level 5 of the Dungeon)
 E - a wand of charming (54)
   (You found it on level 4 of the Dungeon)
 K - a wand of roots (22)
   (You found it on level 1 of the Lair of Beasts)
Scrolls
 l - 11 scrolls of magic mapping
 m - 5 scrolls of blinking
 q - 12 scrolls of fog
 t - 7 scrolls of fear
 M - a scroll of silence
 O - 26 scrolls of teleportation
 T - 5 scrolls of enchant weapon
 V - 7 scrolls of immolation
 W - 2 scrolls of summoning
Potions
 c - 3 potions of ambrosia
 d - 35 potions of curing
 e - 4 potions of resistance
 h - 7 potions of might
 v - 2 potions of cancellation
 x - 3 potions of haste
 z - 9 potions of mutation
 B - 9 potions of lignification
 D - 7 potions of heal wounds
 G - 5 potions of invisibility
 I - 10 potions of flight
 J - 8 potions of attraction
Miscellaneous
 b - a phial of floods
   (You found it on level 3 of the Elven Halls)
 A - a condenser vane
   (You found it in a bailey)
 C - a phantom mirror
   (You found it on level 2 of the Depths)
 N - a tin of tremorstones (2/2)
   (You found it on level 3 of the Lair of Beasts)
 X - a box of beasts
   (You found it on level 5 of the Vaults)
 Y - a lightning rod (4/4)
   (You found it on level 3 of the Elven Halls)


   Skills:
 + Level 22.6 Fighting
 - Level 18.0 Axes
 - Level 20.3 Throwing
 + Level 23.5 Armour
 + Level 23.1 Dodging
 + Level 21.7 Shields
 + Level 21.0 Evocations


You had 25 spell levels left.
You didn't know any spells.
Your spell library was empty.

Dungeon Overview and Level Annotations

Branches:
Dungeon (15/15)            Temple (0/1) D:4            Lair (6/6) D:9
  Swamp (4/4) Lair:4        Snake (4/4) Lair:2        Slime (5/5) Lair:6
    Orc (2/2) D:9             Elf (3/3) Orc:2        Vaults (5/5) D:14
  Crypt (0/3) Vaults:2     Depths (4/4) D:15            Zot (5/5) Depths:4
  Sewer (visited)          Bailey (visited)

Altars:
Ashenzari
Cheibriados
Elyvilon
Fedhas
Gozag
Kikubaaqudgha
Makhleb
Nemelex Xobeh
Okawaru
Ru
Sif Muna
Trog
Uskayaw
Vehumet
Wu Jian
Xom
Yredelemnul
Zin
The Shining One
Jiyva

Shops:
D:9 ([:(*   Orc:2 ?([   Elf:3 ![((   Vaults:3 (   Vaults:5 ??   Depths:1 =:*
Depths:4 [

Portals:
Hell: Depths:1 Depths:2 Depths:3 Depths:4
Abyss: Depths:3
Pandemonium: Depths:2
Ziggurat: Depths:4

Annotations:
D:4 2 transporters, Anon1729's ghost, amateur MeAr
Lair:2 1 runed translucent door
Snake:2 2 transporters, Kovve's ghost, adept HuCj
Snake:3 3 runed translucent doors, Aplou's ghost, adept GnFi; Woseahof's ghost, journeyman SpAM
Orc:1 1 runed translucent door, anonymous's ghost, journeyman DsGl
Elf:2 2 runed translucent doors


Innate Abilities, Weirdness & Mutations

You have a pair of horns on your head.
You reflexively headbutt those who attack you in melee.
You expend magic power (3 MP) to strengthen your wands.


Message History

There is a stone staircase leading up here.
You see here a +0 great sword of flaming.
There is a stone staircase leading up here.
You climb upwards.
There is a stone staircase leading down here.
You enter the shallow water.
Moving in this stuff is going to be slow.
You enter the shallow water.
Moving in this stuff is going to be slow.
There is a stone staircase leading up, spattered with blood here.
You climb upwards.
There is a stone staircase leading down here.
There is a staircase back to the Dungeon here.
You climb upwards.
Welcome back to the Dungeon!
There is a staircase to the Depths here.
You see here a +0 arbalest.
There is a stone staircase leading up here.
You climb upwards.
There is a stone staircase leading down here.
You see here a +0 trident.
There is a stone staircase leading up here.
You climb upwards.
There is a stone staircase leading down here.
You see here a +0 leather armour.
There is a stone staircase leading up here.
You climb upwards.
There is a stone staircase leading down here.
A soul eater comes into view.
There is a stone staircase leading up here.
The soul eater draws from the surrounding life force!
You climb upwards.
There is a stone staircase leading down here.
Unknown command.
(D) Dungeon (T) Temple (L) Lair (S) Swamp (P) Snake Pit (M) Slime Pits (O) Orcish Mines (E) Elven Halls (V) Vaults (C) Crypt (U) Depths (H) Hell (Z) Zot
Where to? (Enter - D:1 @ (x,y), ? - help)
There is a stone staircase leading up here.
You climb upwards.
There is a stone staircase leading down here.
HP restored.
There is a stone staircase leading up here.
You climb upwards.
There is a stone staircase leading down here.
Things that are here:
a +0 giant spiked club; a +0 giant club
There is a stone staircase leading up here.
You climb upwards.
There is a stone staircase leading down here.
A Hell Sentinel comes into view.
The Hell Sentinel roars!
Throw: 3 throwing nets
Press: ? - help, Q - select action, (/) - cycle Shift-Dir - straight line, f - Hell Sentinel
Aim: a Hell Sentinel (91% to hit)
You throw a throwing net.
The throwing net hits the Hell Sentinel.
The Hell Sentinel is caught in the net!
You see here a +0 falchion.
There is an escape hatch in the ceiling here.
A mysterious force pulls you upwards. The hatch slams shut behind you.
(D) Dungeon (T) Temple (L) Lair (S) Swamp (P) Snake Pit (M) Slime Pits (O) Orcish Mines (E) Elven Halls (V) Vaults (C) Crypt (U) Depths (H) Hell (Z) Zot
Where to? (Enter - D:1 @ (x,y), ? - help)
What level of the Dungeon? (default 1, ? - help)
A chaos spawn comes into view.
Things that are here:
a +0 robe; a +0 dagger
Items here: ( ))) [[.
There is an escape hatch in the ceiling here.
(D) Dungeon (T) Temple (L) Lair (S) Swamp (P) Snake Pit (M) Slime Pits (O) Orcish Mines (E) Elven Halls (V) Vaults (C) Crypt (U) Depths (H) Hell (Z) Zot
Where to? (Enter - D:1 @ (x,y), ? - help)
A mysterious force pulls you upwards. The hatch slams shut behind you.
Things that are here:
a +0 robe; a +2 falchion
There is an escape hatch in the ceiling here.
A mysterious force pulls you upwards. The hatch slams shut behind you.
There is a stone staircase leading up here.
You climb upwards.
Level annotation: 2 transporters, Anon1729's ghost, amateur MeAr
There is a stone staircase leading down here.
There is a stone staircase leading up here.
You climb upwards.
There is a stone staircase leading down here.
Items here: ))) [.
There is a stone staircase leading up here.
You climb upwards.
There is a stone staircase leading down here.
There is a stone staircase leading up here.
You climb upwards.
There is a stone staircase leading down here.
There is an open door here.
You see here a +0 hand axe.
There is a staircase leading out of the dungeon here.
You have escaped!

.# #...##...# . #...##.# .##
#..####..# ..# #.####.. ..#
#..# ##..##..## . #.# ###
..# #...##...##...##.. #.##
..# #............... #..#
..# ##..............
##..#### ..# ######..##..###
#..>...## .##
######..##..######....#...
.#
##........@.......##.#.#.#.
.#
#..................#.#.#.#.
.#
#...##...##...##...#.#.#.##
.# #..####..##..##
#..#.#.#.# .# #..##
#..##..####..#.#.#.# .#
#...##...##..)##...#.....##
.#
#..[.....##........#.......
.#
##'......####......'#..#####
.# #.######## ########..##


There were no monsters in sight!

Vanquished Creatures
  the Royal Jelly (Slime:5)
  Tiamat (Zot:3)
  6 ancient liches (Zot:5)
  2 orbs of fire (Zot:5)
  9 dread liches
  A juggernaut (Depths:3)
  3 Killer Klowns (Zot:5)
  Parghit (Depths:4)
  Vashnia (Snake:4)
  Bai Suzhen (Snake:3)
  3 curse toes
  12 golden dragons
  the Enchantress (Depths:2)
  Jory (Vaults:3)
  A bone dragon (Depths:4)
  2 electric golems (Zot:5)
  13 tentacled monstrosities
  2 deep elf blademasters (Elf:3)
  Jorgrun (D:14)
  25 Orb Guardians (Zot:5)
  4 liches
  4 titans (Vaults:5)
  20 acid blobs
  2 walking frostbound tomes (Depths:3)
  9 quicksilver dragons
  3 ancient champions (Depths:2)
  2 deep elf master archers (Elf:3)
  4 death cobs
  9 shadow dragons
  Frances (D:12)
  3 sphinxes
  3 thorn hunters
  16 storm dragons
  5 tengu reavers
  6 draconian monks
  Agnes (Snake:3)
  6 nagarajas (Snake:4)
  12 rockslimes
  8 azure jellies
  11 draconian knights
  A fenstrider witch (Swamp:3)
  10 fire giants
  15 frost giants
  An orc warlord (Bailey)
  8 deep elf sorcerers
  19 vault wardens
  4 ghost moths
  2 draconian shifters
  12 draconian scorchers
  15 ironbound preservers
  Aizul (Snake:3)
  2 deep elf elementalists (Elf:3)
  3 draconian stormcallers (Zot:3)
  5 spriggan defenders
  8 war gargoyles
  8 quicksilver oozes
  10 stone giants
  32 very ugly things
  10 ironbound thunderhulks
  3 reapers (Depths:2)
  11 draconian annihilators
  5 eleionomae
  4 vampire knights
  6 deep elf demonologists
  9 dire elephants
  12 white draconians
  18 green draconians
  7 black draconians
  6 deep elf annihilators
  An entropy weaver (Vaults:1)
  11 red draconians
  13 yellow draconians
  7 bunyips
  14 purple draconians
  Snorg (Orc:2)
  14 ettins
  10 deep elf death magi
  A crystal guardian (Vaults:4)
  8 fire dragons
  A fire dragon (shapeshifter) (Elf:3)
  A shambling mangrove (Swamp:4)
  6 great orbs of eyes
  6 deep elf high priests
  9 yaktaur captains
  28 vault guards
  3 rakshasas
  3 ogre magi
  5 ghost crabs
  4 peacekeepers
  10 ice dragons
  2 salamander tyrants (Snake:4)
  3 catoblepae
  6 anacondas
  29 hydras
  9 ironbound frosthearts
  5 spriggan air magi
  16 centaur warriors
  4 boulder beetles
  5 death yaks
  10 alligators
  16 naga warriors
  9 deep troll earth magi
  16 two-headed ogres
  14 naga sharpshooters
  5 tengu warriors
  7 deep troll shamans
  22 dancing weapons
  A vampire mage (Depths:2)
  3 orc high priests (Orc:2)
  3 spriggan berserkers
  9 hell knights (Depths:2)
  16 deep elf knights
  8 shock serpents
  8 iron trolls
  4 salamander mystics
  3 goliath frogs
  3 flayed ghosts
  13 skeletal warriors
  2 sea snakes (Snake:1)
  70 deep trolls
  A shadow wraith (Vaults:5)
  2 glowing orange brains
  16 swamp dragons
  4 naga ritualists
  Lodul (D:10)
  16 lindwurms
  10 deep elf archers
  7 bog bodies
  7 spriggan druids
  25 deep elf pyromancers
  7 wizards
  8 orc knights
  28 deep elf zephyrmancers
  22 ironbound convokers
  6 necromancers
  5 mana vipers
  3 phantasmal warriors (Vaults:5)
  3 will-o-the-wisps
  A wolf spider (Lair:6)
  31 ugly things
  A fire giant zombie (Vaults:3)
  7 cyclopes
  21 moths of wrath
  2 shining eyes
  7 orc sorcerers
  4 manticores
  15 elephants
  A rust devil (Depths:2)
  9 salamanders
  Maurice (Orc:2)
  33 black mambas
  20 naga magi
  15 vault sentinels
  2 gargoyles
  15 cane toads
  2 guardian serpents (Snake:3)
  6 torpor snails (Lair:6)
  Maggie (D:7)
  3 centaur skeletons (D:14)
  An unseen horror (D:11)
  7 komodo dragons
  4 freezing wraiths
  17 yaktaurs
  5 rime drakes
  A hellion (Depths:2)
  3 tengu conjurers
  5 trolls
  A red devil (Depths:2)
  3 polar bears
  11 tyrant leeches
  18 hornets
  48 slime creatures
  A tarantella (Vaults:1)
  3 dream sheep (Lair:6)
  8 blink frogs
  A dream sheep (shapeshifter) (Vaults:5)
  A human simulacrum (Vaults:3)
  4 shadows
  12 spriggans
  A stone giant simulacrum (Vaults:3)
  A jumping spider (shapeshifter) (D:8)
  3 air elementals
  14 water elementals
  63 yaks
  4 basilisks
  3 wyverns
  6 wraiths
  A vampire (D:8)
  A ynoxinul (Depths:2)
  Eustachio (D:4)
  A fire bat (shapeshifter) (D:13)
  6 fire elementals
  A chaos spawn (Depths:2)
  8 golden eyes
  9 redbacks
  21 vampire mosquitoes
  34 nagas
  23 swamp worms
  19 water moccasins
  2 floating eyes
  An acid dragon (D:11)
  10 swamp drakes
  A black bear (shapeshifter) (Vaults:5)
  23 orc warriors
  An ice beast (D:6)
  18 ogres
  5 wolves
  16 centaurs
  3 phantoms
  Blork the orc (D:4)
  16 bullfrogs
  2 kobold brigands (D:8)
  A necrophage (D:8)
  2 earth elementals
  2 scorpions (D:6)
  6 wights
  9 killer bees
  7 electric eels
  3 howler monkeys
  A crimson imp (Orc:2)
  16 orc priests
  9 hounds
  3 jellies
  A gnoll bouda (D:7)
  An iron imp (Orc:2)
  Jessica (D:3)
  Ijyb (D:3)
  An iguana (shapeshifter) (Vaults:5)
  Natasha (thrice) (D:4)
  29 orc wizards
  A boggart skeleton (D:14)
  Robin (D:2)
  3 gnolls (Bailey)
  19 adders
  3 river rats (D:4)
  A shadow imp (Orc:2)
  16 white imps
  2 ufetubi (D:6)
  3 worms
  2 dart slugs
  75 orcs
  8 endoplasms
  15 giant cockroaches
  10 hobgoblins
  4 jackals (D:3)
  17 kobolds
  9 quokkas
  11 ball pythons
  2 bats
  8 frilled lizards
  12 goblins
  6 rats
2105 creatures vanquished.

Vanquished Creatures (collateral kills)
  The ghost of Mitut the Conqueror, a master PaFi of Xom (Zot:5)
  A tentacled monstrosity (Zot:3)
  Asterion (Vaults:1)
  A lich (Depths:2)
  An ancient champion (Depths:2)
  Donald (Elf:3)
  A draconian annihilator (Zot:3)
  A green draconian (Zot:3)
  An anaconda (Snake:3)
  A death knight (D:13)
  A catoblepas (Lair:6)
  A naga warrior (Snake:3)
  A naga sharpshooter (Snake:4)
  A skeletal warrior (D:13)
  A phantasmal warrior (D:13)
  A wizard (Vaults:1)
  2 naga ritualists (Snake:3)
  A salamander (Snake:3)
  3 black mambas
  An unseen horror (D:12)
  A slime creature (D:14)
  A wyvern (Lair:6)
  3 nagas (Snake:3)
  A water moccasin (Lair:6)
  An orc warrior (Orc:2)
  An earth elemental (Elf:3)
  An orc wizard (Orc:2)
  An orc (D:8)
33 creatures vanquished.

Vanquished Creatures (others)
  A death cob (Zot:3)
  A storm dragon (Zot:3)
  An ironbound preserver (Vaults:3)
  A vault guard (Vaults:3)
  2 shock serpents
  A deep elf knight (Elf:3)
  A deep elf pyromancer (Elf:1)
  A manticore (D:15)
  2 bloated husks
  A bush (Lair:5)
  4 foxfires (Swamp:3)
  63 fungi
  81 plants
  9 toadstools (Lair:2)
  6 withered plants (Snake:3)
175 creatures vanquished.

Grand Total: 2313 creatures vanquished

Notes
Turn   | Place    | Note
-------+----------+-------------------------------------------
     0 | D:1      | magipi the Minotaur Berserker began the quest for the Orb.
     0 | D:1      | Reached XP level 1. HP: 19/19 MP: 0/0
   179 | D:1      | Reached XP level 2. HP: 20/27 MP: 1/1
   482 | D:2      | Reached XP level 3. HP: 31/33 MP: 2/2
   508 | D:2      | Noticed Robin
   513 | D:2      | Killed Robin
  1024 | D:1      | Found a faded altar of an unknown god.
  1374 | D:3      | Found an ornate altar of the Wu Jian Council.
  1379 | D:3      | Noticed Ijyb
  1385 | D:3      | Killed Ijyb
  1386 | D:3      | Reached XP level 4. HP: 40/40 MP: 3/3
  1491 | D:3      | Noticed Jessica
  1497 | D:3      | Killed Jessica
  1497 | D:3      | Reached ** piety under Trog
  1498 | D:3      | Reached skill level 5 in Axes
  1755 | D:3      | Identified the +1 robe of Coitorar {Int+6 Dex-5}
  1852 | D:4      | Noticed Anon1729's ghost (amateur MeAr)
  1852 | D:4      | Found a transporter.
  1852 | D:4      | Found a transporter.
  1873 | D:4      | Reached XP level 5. HP: 47/47 MP: 4/4
  2057 | D:4      | Found a glowing drain.
  2061 | Sewer    | Entered a sewer
  2096 | Sewer    | Reached skill level 1 in Evocations
  2252 | Sewer    | Reached *** piety under Trog
  2317 | Sewer    | Reached XP level 6. HP: 43/55 MP: 5/5
  2430 | D:4      | Reached skill level 5 in Fighting
  2655 | D:4      | Noticed Blork the orc
  2660 | D:4      | Killed Blork the orc
  2715 | D:4      | Noticed Eustachio
  2725 | D:4      | Killed Eustachio
  2726 | D:4      | Reached XP level 7. HP: 58/61 MP: 6/6
  2733 | D:4      | Noticed Natasha
  2747 | D:4      | Killed Natasha
  2933 | D:4      | Noticed Natasha
  2942 | D:4      | Killed Natasha
  3030 | D:4      | You fall into a shaft and drop 2 floors!
  3039 | D:5      | Entered Level 5 of the Dungeon
  3243 | D:5      | Reached skill level 5 in Armour
  3375 | D:5      | Reached **** piety under Trog
  3654 | D:4      | Noticed Natasha
  3661 | D:4      | Killed Natasha
  3675 | D:4      | Found a staircase to the Ecumenical Temple.
  3698 | D:4      | Reached XP level 8. HP: 65/70 MP: 7/7
  3933 | D:5      | Reached skill level 5 in Dodging
  4616 | D:6      | Reached XP level 9. HP: 18/78 MP: 8/8
  5326 | D:6      | Found a sacrificial altar of Ru.
  5385 | D:6      | Reached ***** piety under Trog
  5516 | D:7      | Found a broken altar of Ashenzari.
  5517 | D:7      | Found a glowing golden altar of the Shining One.
  5518 | D:7      | Found a shimmering altar of Xom.
  5521 | D:7      | Found a glowing silver altar of Zin.
  5523 | D:7      | Found a white marble altar of Elyvilon.
  5523 | D:7      | Found a hide-covered altar of Uskayaw.
  5524 | D:7      | Found an opulent altar of Gozag.
  5566 | D:7      | Found a blossoming altar of Fedhas.
  5579 | D:7      | Reached skill level 10 in Axes
  5691 | D:7      | Noticed Maggie
  5708 | D:7      | Killed Maggie
  5934 | D:7      | Found an iron altar of Okawaru.
  6240 | D:8      | Reached XP level 10. HP: 79/88 MP: 9/9
  6272 | D:8      | Reached skill level 5 in Evocations
  6305 | D:8      | Noticed a cyclops
  6328 | D:8      | Killed a cyclops
  6455 | D:8      | Reached skill level 1 in Throwing
  6530 | D:8      | Noticed a boulder beetle
  6560 | D:8      | Killed a boulder beetle
  6818 | D:8      | Noticed a manticore
  6826 | D:8      | Killed a manticore
  7218 | D:8      | Found a burning altar of Makhleb.
  7335 | D:8      | Found a shimmering blue altar of Sif Muna.
  7688 | D:9      | Noticed a gargoyle
  7704 | D:9      | Killed a gargoyle
  7712 | D:9      | Found Reselytu's Armour Emporium.
  7722 | D:9      | Found a bloodstained altar of Trog.
  7740 | D:9      | Found Uwkytton's Book Boutique.
  7744 | D:9      | Noticed a two-headed ogre
  7762 | D:9      | Killed a two-headed ogre
  7878 | D:9      | Reached XP level 11. HP: 95/95 MP: 10/10
  7914 | D:9      | Noticed a two-headed ogre
  7917 | D:9      | Noticed a two-headed ogre
  7925 | D:9      | Killed a two-headed ogre
  7931 | D:9      | Killed a two-headed ogre
  7969 | D:9      | Found a snail-covered altar of Cheibriados.
  8027 | D:9      | Found Geothru's Weapon Emporium.
  8067 | D:9      | Received a gift from Trog
  8083 | D:9      | Found a staircase to the Orcish Mines.
  8084 | D:9      | Found Irghejat's Weapon Emporium.
  8137 | D:9      | Found a sparkling altar of Nemelex Xobeh.
  8198 | D:9      | Found a staircase to the Lair.
  8289 | D:9      | Found Otottenn's Assorted Antiques.
  8298 | D:9      | Bought a scroll of teleportation for 84 gold pieces
  8298 | D:9      | Bought a scroll of identify for 56 gold pieces
  8298 | D:9      | Bought a scroll of identify for 56 gold pieces
  8298 | D:9      | Bought a scroll labelled NOTON DETEOTT for 28 gold pieces
  8359 | D:10     | Entered Level 10 of the Dungeon
  8485 | D:10     | Paralysed by a hornet for 1 turns
  8507 | D:10     | Identified the +8 sling of Motwikk {freeze, +Blink}
  8545 | D:10     | Noticed Lodul
  8578 | D:10     | Killed Lodul
  8654 | D:10     | Found a flagged portal.
  8669 | Bailey   | Entered a bailey
  8692 | Bailey   | Noticed an orc warlord
  8815 | Bailey   | Found a runed translucent gate.
  8816 | Bailey   | Found a runed translucent gate.
  8817 | Bailey   | Found a runed translucent gate.
  8882 | Bailey   | Killed an orc warlord
  8920 | D:10     | Reached XP level 12. HP: 106/106 MP: 11/11
  9349 | Lair:1   | Entered Level 1 of the Lair of Beasts
  9430 | Lair:1   | Reached skill level 10 in Fighting
  9734 | Lair:1   | Reached XP level 13. HP: 113/113 MP: 12/12
  9846 | Lair:1   | Reached skill level 10 in Armour
 10127 | Lair:2   | Found a staircase to the Snake Pit.
 10558 | Lair:2   | Found a runed translucent door.
 10879 | Lair:3   | Reached skill level 10 in Throwing
 10897 | Lair:3   | Received a gift from Trog
 12116 | Lair:4   | Found a staircase to the Swamp.
 12124 | Lair:4   | Reached skill level 15 in Axes
 12272 | Lair:5   | Reached skill level 10 in Dodging
 12730 | Lair:6   | Entered Level 6 of the Lair of Beasts
 12730 | Lair:6   | Found a viscous altar of Jiyva.
 12730 | Lair:6   | Found a staircase to the Slime Pits.
 12766 | Lair:6   | Reached skill level 1 in Shields
 12789 | Lair:6   | Reached XP level 14. HP: 124/124 MP: 13/13
 13181 | Lair:6   | Found a runed translucent door.
 14101 | Lair:6   | Reached skill level 5 in Shields
 14315 | Lair:6   | Identified the +2 hand axe of Flawed Execution {drain,
                  | Stlth+}
 14430 | Lair:5   | Received a gift from Trog
 14722 | Orc:1    | Entered Level 1 of the Orcish Mines
 14722 | Orc:1    | Found a burning altar of Makhleb.
 14759 | Orc:1    | Found a runed translucent door.
 14771 | Orc:1    | Noticed anonymous's ghost (journeyman DsGl)
 14970 | Orc:2    | Entered Level 2 of the Orcish Mines
 15163 | Orc:2    | Noticed Snorg
 15184 | Orc:2    | Killed Snorg
 15306 | Orc:2    | Identified the +1 hat "Heschedui" {rN+ Int+2}
 15535 | Orc:2    | Reached XP level 15. HP: 94/131 MP: 14/14
 15626 | Orc:2    | Noticed Maurice
 15689 | Orc:2    | Killed Maurice
 15748 | Orc:2    | Found a staircase to the Elven Halls.
 15848 | Orc:2    | Found Tumaob's Antique Weapon Boutique.
 15866 | Orc:2    | Found Abreocw's Armour Shoppe.
 15873 | Orc:2    | Found Ebaint's Jewellery Shoppe.
 15875 | Orc:2    | Found Zachi's Magic Scroll Boutique.
 15977 | Orc:2    | Bought a scroll of acquirement for 572 gold pieces
 15977 | Orc:2    | Bought a scroll of identify for 22 gold pieces
 15977 | Orc:2    | Bought a scroll of fog for 22 gold pieces
 15977 | Orc:2    | Bought a scroll of poison for 38 gold pieces
 15977 | Orc:2    | Bought a scroll of enchant armour for 82 gold pieces
 16012 | Orc:2    | Acquired the ring "Barph" {Drain rElec rN+ Str+6 Int+3}
 16154 | D:11     | Identified the +9 mace "Nifout" {vamp, rPois rF- rCorr
                  | Str+4}
 16264 | D:11     | Found a frozen archway.
 16337 | D:11     | Identified the +5 hand axe of Vil Vuk {vorpal, *Noise rF+
                  | rN+} (Trog gifted it to you on level 11 of the Dungeon)
 16337 | D:11     | Received a gift from Trog
 16338 | D:11     | Reached skill level 10 in Evocations
 16728 | D:12     | Noticed Frances
 16737 | D:12     | Killed Frances
 17692 | D:13     | Found a white marble altar of Elyvilon.
 18645 | D:14     | Reached skill level 10 in Shields
 18649 | D:14     | Noticed a fire giant
 18786 | D:14     | Killed a fire giant
 19053 | D:14     | Noticed Jorgrun
 19068 | D:14     | Killed Jorgrun
 19252 | D:15     | Entered Level 15 of the Dungeon
 19378 | D:15     | Reached XP level 16. HP: 128/141 MP: 15/15
 19708 | D:15     | Found a staircase to the Depths.
 20346 | D:14     | Found a gate to the Vaults.
 20615 | Snake:1  | Entered Level 1 of the Snake Pit
 20819 | Snake:1  | Received a gift from Trog
 21017 | Snake:1  | You fall into a shaft and drop 1 floor!
 21620 | Snake:2  | Found a transporter.
 21621 | Snake:2  | Noticed Kovve's ghost (adept HuCj)
 21697 | Snake:2  | Found a transporter.
 22405 | Snake:3  | Noticed Bai Suzhen
 22429 | Snake:3  | Killed Bai Suzhen
 22603 | Snake:3  | Identified the amulet "Hockeu" {Spirit rElec Str+2}
 22689 | Snake:3  | Reached XP level 17. HP: 98/151 MP: 16/16
 22742 | Snake:3  | Identified the +14 war axe of World's End {vorpal, *Slow
                  | rF+ Dex+4} (Trog gifted it to you on level 3 of the Snake
                  | Pit)
 22742 | Snake:3  | Received a gift from Trog
 22892 | Snake:3  | Noticed Aizul
 22972 | Snake:3  | Killed Aizul
 23063 | Snake:3  | Noticed Woseahof's ghost (journeyman SpAM)
 23063 | Snake:3  | Noticed Aplou's ghost (adept GnFi)
 23064 | Snake:3  | Found a runed translucent gate.
 23112 | Snake:3  | Noticed Agnes
 23116 | Snake:3  | Killed Agnes
 23537 | Snake:3  | Found a runed translucent gate.
 23537 | Snake:3  | Found a runed translucent gate.
 23608 | Snake:3  | Upgraded the game from 0.29-a0-823-gc37b1572da to
                  | 0.29-a0-824-gd827844252
 23621 | Snake:4  | Entered Level 4 of the Snake Pit
 24452 | Snake:4  | Received a gift from Trog
 24453 | Snake:4  | Noticed Vashnia
 24481 | Snake:4  | Killed Vashnia
 25207 | Snake:4  | Got a serpentine rune of Zot
 25224 | Snake:4  | Reached skill level 15 in Fighting
 25477 | Swamp:1  | Entered Level 1 of the Swamp
 25590 | Swamp:1  | Identified the +4 chain mail of Generosity {Stlth+}
 25662 | Swamp:1  | Received a gift from Trog
 26258 | Swamp:2  | Reached XP level 18. HP: 163/163 MP: 17/17
 26616 | Swamp:3  | Acquired the +1 hat "Tyucracs" {Will++ rCorr Int-2 Slay+2}
 26803 | Swamp:3  | Reached skill level 15 in Armour
 27358 | Swamp:3  | Noticed a tentacled monstrosity
 27365 | Swamp:3  | Killed a tentacled monstrosity
 27633 | Swamp:4  | Entered Level 4 of the Swamp
 27643 | Swamp:4  | Reached ****** piety under Trog
 27884 | Swamp:4  | Reached skill level 15 in Shields
 28263 | Swamp:4  | Received a gift from Trog
 28293 | Swamp:4  | Got a decaying rune of Zot
 28919 | Elf:1    | Entered Level 1 of the Elven Halls
 29854 | Elf:1    | Reached skill level 15 in Evocations
 29854 | Elf:1    | Reached XP level 19. HP: 150/170 MP: 18/18
 29903 | Elf:1    | Received a gift from Trog
 30630 | Elf:2    | Received a gift from Trog
 30631 | Elf:2    | Reached skill level 15 in Throwing
 30956 | Elf:2    | Found a runed translucent door.
 31021 | Elf:2    | Gained mutation: You sometimes lose your temper in combat.
                  | [a neqoxec]
 31023 | Elf:2    | Gained mutation: You are clumsy. (Dex -2) [a neqoxec]
 31062 | Elf:2    | Lost mutation: You sometimes lose your temper in combat.
                  | [potion of mutation]
 31062 | Elf:2    | Lost mutation: You are clumsy. (Dex -2) [potion of
                  | mutation]
 31062 | Elf:2    | Gained mutation: You occasionally lose the ability to drink
                  | potions when taking damage. [potion of mutation]
 31063 | Elf:2    | Lost mutation: You occasionally lose the ability to drink
                  | potions when taking damage. [potion of mutation]
 31063 | Elf:2    | Gained mutation: You expend magic power (3 MP) to
                  | strengthen your wands. [potion of mutation]
 31173 | Elf:3    | Entered Level 3 of the Elven Halls
 31179 | Elf:3    | Found Girocrudia's Weapon Shoppe.
 31346 | Elf:3    | Found Nasokym's Weapon Boutique.
 31606 | Elf:3    | Found Meyrof's Distillery.
 31609 | Elf:3    | Bought a potion of haste for 150 gold pieces
 31609 | Elf:3    | Bought 2 potions of heal wounds for 150 gold pieces
 31656 | Elf:3    | Found Zingig's Antique Armour Emporium.
 31696 | Elf:3    | Noticed Donald
 31705 | Elf:3    | Killed Donald
 31755 | Elf:3    | Found a huge runed gate.
 31755 | Elf:3    | Found a huge runed gate.
 31755 | Elf:3    | Found a huge runed gate.
 31755 | Elf:3    | Found a huge runed gate.
 31755 | Elf:3    | Found a huge runed gate.
 31755 | Elf:3    | Found a huge runed gate.
 31755 | Elf:3    | Found a huge runed gate.
 31755 | Elf:3    | Found a huge runed gate.
 31766 | Elf:3    | Found a huge runed gate.
 31766 | Elf:3    | Found a huge runed gate.
 31766 | Elf:3    | Found a huge runed gate.
 31766 | Elf:3    | Found a huge runed gate.
 31766 | Elf:3    | Found a huge runed gate.
 31767 | Elf:3    | Found a huge runed gate.
 31768 | Elf:3    | Found a huge runed gate.
 31769 | Elf:3    | Found a huge runed gate.
 31770 | Elf:3    | Found a huge runed gate.
 31771 | Elf:3    | Found a huge runed gate.
 31772 | Elf:3    | Found a huge runed gate.
 31780 | Elf:3    | Found a huge runed gate.
 31780 | Elf:3    | Found a huge runed gate.
 31780 | Elf:3    | Found a huge runed gate.
 31780 | Elf:3    | Found a huge runed gate.
 31780 | Elf:3    | Found a huge runed gate.
 31780 | Elf:3    | Found a huge runed gate.
 31798 | Elf:3    | Found a huge runed gate.
 31798 | Elf:3    | Found a huge runed gate.
 31802 | Elf:3    | Found a huge runed gate.
 31804 | Elf:3    | Found a huge runed gate.
 31804 | Elf:3    | Found a huge runed gate.
 31804 | Elf:3    | Found a huge runed gate.
 31804 | Elf:3    | Found a huge runed gate.
 31804 | Elf:3    | Found a huge runed gate.
 31804 | Elf:3    | Found a huge runed gate.
 31805 | Elf:3    | Found a huge runed gate.
 31806 | Elf:3    | Found a huge runed gate.
 31817 | Elf:3    | Identified the +6 battleaxe "Ruil" {flame, Str+10 Int-4}
                  | (Trog gifted it to you on level 3 of the Elven Halls)
 31817 | Elf:3    | Received a gift from Trog
 32296 | Elf:2    | Found a runed translucent door.
 32359 | Elf:3    | Noticed a Brimstone Fiend
 32752 | Elf:3    | Identified the +11 flail of Poverty {protect, Str+4}
 33201 | Elf:3    | Identified the amulet "Ninuolas" {Faith Fly rElec rF-
                  | Slay-5}
 33244 | Elf:3    | Identified the +3 scale mail "Umurail" {rF+ rN+ Dex+5}
 33246 | Elf:3    | Identified the +9 shortbow "Ucuiz" {venom, rN++}
 33248 | Elf:3    | Identified the +4 kite shield "Vagasm" {Will+ Str+7 Dex+3}
 33601 | Vaults:1 | Entered Level 1 of the Vaults
 33601 | Vaults:1 | Noticed Asterion
 33606 | Vaults:1 | Killed Asterion
 33767 | Vaults:1 | Reached XP level 20. HP: 178/178 MP: 19/19
 33900 | Vaults:1 | Found a radiant altar of Vehumet.
 33900 | Vaults:1 | Found the +2 hat of the Bear Spirit {Spirit, *Rage Will++}
 33906 | Vaults:1 | Found the +5 robe of Night {Dark Will+ SInv}
 33935 | Vaults:1 | Identified the +2 robe of Ytzoon {rPois rF- rC+ rCorr}
 33975 | Vaults:1 | Received a gift from Trog
 35609 | Vaults:2 | Found a staircase to the Crypt.
 35609 | Vaults:2 | Found a basalt altar of Yredelemnul.
 35610 | Vaults:2 | Found an ancient bone altar of Kikubaaqudgha.
 36076 | Depths:1 | Entered Level 1 of the Depths
 36084 | Depths:1 | Found a gateway to Hell.
 36403 | Depths:1 | Paralysed by a floating eye for 4 turns
 36447 | Depths:1 | Found a bloodstained altar of Trog.
 36508 | Depths:1 | Received a gift from Trog
 36787 | Depths:1 | Found Ydghemuol's Jewellery Emporium.
 36787 | Depths:1 | Found Somithrat's Book Shoppe.
 36792 | Depths:1 | Found Baylurch's General Store.
 36816 | Depths:1 | Bought a potion of heal wounds for 75 gold pieces
 36816 | Depths:1 | Bought a scroll of teleportation for 45 gold pieces
 36816 | Depths:1 | Bought a scroll of teleportation for 45 gold pieces
 36820 | Depths:1 | Bought the ring of Dymoe {rElec rPois rC+ Dex-3} for 485
                  | gold pieces
 38093 | Vaults:3 | Found Mezably's Antique Weapon Emporium.
 38185 | Vaults:3 | Reached skill level 15 in Dodging
 38356 | Vaults:3 | Reached XP level 21. HP: 191/191 MP: 20/20
 38387 | Vaults:3 | Noticed Jory
 38440 | Vaults:3 | Killed Jory
 39366 | Vaults:3 | Received a gift from Trog
 40197 | Vaults:4 | Identified the +7 flail "Fohyssut" {freeze, Drain Str+4
                  | Dex+4 SInv}
 40995 | Vaults:4 | Identified the ring of Watz {rF+ Str+6}
 41564 | Depths:1 | Acquired 960 gold pieces
 41923 | Depths:2 | Reached XP level 22. HP: 205/205 MP: 21/21
 42155 | Depths:2 | Found a runed translucent door.
 42162 | Depths:2 | Noticed a golden dragon
 42162 | Depths:2 | Noticed a golden dragon
 42163 | Depths:2 | Noticed a golden dragon
 42171 | Depths:2 | Received a gift from Trog
 42181 | Depths:2 | Killed a golden dragon
 42185 | Depths:2 | Killed a golden dragon
 42197 | Depths:2 | Killed a golden dragon
 42984 | Orc:2    | Bought a scroll of enchant armour for 82 gold pieces
 43647 | Depths:2 | Noticed the Enchantress
 43665 | Depths:2 | Killed the Enchantress
 44053 | Depths:2 | Found a one-way gate leading to the halls of Pandemonium.
 45179 | Depths:3 | Received a gift from Trog
 45231 | Depths:3 | Found a broken altar of Ashenzari.
 45403 | Depths:3 | Found a one-way gate to the infinite horrors of the Abyss.
 45495 | Depths:3 | Noticed a dread lich
 45514 | Depths:3 | Killed a dread lich
 45514 | Depths:3 | Noticed a juggernaut
 45932 | Depths:3 | Killed a juggernaut
 46241 | Depths:3 | Identified the +0 swamp dragon scales of a Hundred Lies
                  | {rPois Str+3 Int+4 Dex-2}
 46454 | Depths:4 | Entered Level 4 of the Depths
 46454 | Depths:4 | Noticed Parghit
 46974 | Depths:4 | Killed Parghit
 46996 | Depths:4 | Found a one-way gateway to a ziggurat.
 47040 | Depths:4 | Found Tamyucy's Antique Armour Shoppe.
 47072 | Depths:4 | Received a gift from Trog
 47103 | Depths:4 | Noticed a golden dragon
 47109 | Depths:4 | Reached XP level 23. HP: 151/215 MP: 22/22
 47535 | Depths:4 | Bought an embroidered cloak for 322 gold pieces
 48266 | Depths:4 | Found a gate to the Realm of Zot.
 48712 | Vaults:5 | Entered Level 5 of the Vaults
 49180 | Vaults:5 | Received a gift from Trog
 49468 | Vaults:5 | Noticed a dread lich
 49479 | Vaults:5 | Killed a dread lich
 49593 | Vaults:5 | Identified the +6 chain mail of Hiuppiung {Str+10 Dex-4}
 49719 | Vaults:5 | Found Poaxoam's Magic Scroll Shoppe.
 49759 | Vaults:5 | Bought a scroll of enchant armour for 112 gold pieces
 49759 | Vaults:5 | Bought 2 scrolls of fog for 60 gold pieces
 49759 | Vaults:5 | Bought a scroll of teleportation for 45 gold pieces
 50080 | Vaults:5 | Received a gift from Trog
 50354 | Vaults:5 | Identified the +4 morningstar "Kuviokhli" {holy, +Blink
                  | Int+6}
 50406 | Vaults:5 | Got a silver rune of Zot
 50492 | Vaults:5 | Found Pekkil's Magic Scroll Boutique.
 50508 | Vaults:5 | Bought a scroll of fog for 46 gold pieces
 50508 | Vaults:5 | Bought a scroll of teleportation for 69 gold pieces
 50784 | Vaults:5 | Reached XP level 24. HP: 148/228 MP: 22/22
 51186 | Vaults:5 | Bought a scroll of acquirement for 1196 gold pieces
 51187 | Vaults:5 | Acquired a manual of Dodging
 51549 | Slime:1  | Entered Level 1 of the Pits of Slime
 51593 | Slime:2  | Identified the +9 long sword of Bloody Death {vorpal,
                  | Dex+5} (Trog gifted it to you on level 2 of the Pits of
                  | Slime)
 51593 | Slime:2  | Received a gift from Trog
 52115 | Slime:5  | Entered Level 5 of the Pits of Slime
 52148 | Slime:5  | Noticed the Royal Jelly
 52158 | Slime:5  | Killed the Royal Jelly
 52419 | Slime:5  | Identified the +5 dagger of Lust {pain, Drain rC+ Str+4}
 52423 | Slime:5  | Got a slimy rune of Zot
 52441 | Slime:5  | Identified the ring of Pessimism {rElec rPois MP+9 Int+3
                  | Dex+6}
 52726 | D:9      | Bought a potion of heal wounds for 140 gold pieces
 52726 | D:9      | Bought a potion of might for 112 gold pieces
 52726 | D:9      | Bought a potion of haste for 280 gold pieces
 52963 | Zot:1    | Entered Level 1 of the Realm of Zot
 54353 | Zot:2    | Received a gift from Trog
 55980 | Zot:3    | Noticed a Killer Klown
 55991 | Zot:3    | a Killer Klown changed into a rockslime
 56177 | Zot:3    | Found the +4 dragonskin cloak
 56177 | Zot:3    | Noticed Tiamat
 56214 | Zot:3    | Killed Tiamat
 56650 | Zot:3    | Reached XP level 25. HP: 207/235 MP: 22/22
 57483 | Zot:4    | Identified the +7 war axe of the Unkillable {vorpal, rPois
                  | Str+2} (Trog gifted it to you on level 4 of the Realm of
                  | Zot)
 57483 | Zot:4    | Received a gift from Trog
 57695 | Zot:4    | Identified the amulet of Ysaxkeky {Reflect rC+ MP+9 SH+5}
 59104 | Zot:5    | Entered Level 5 of the Realm of Zot
 59520 | Zot:5    | Found a runed translucent gate.
 59526 | Zot:5    | Found a runed translucent gate.
 59526 | Zot:5    | Found a runed translucent gate.
 59526 | Zot:5    | Found an ancient bone altar of Kikubaaqudgha.
 59558 | Zot:5    | Noticed a dread lich
 59558 | Zot:5    | Noticed an ancient lich
 59558 | Zot:5    | Noticed a dread lich
 59559 | Zot:5    | Noticed an ancient lich
 59560 | Zot:5    | Noticed Mitut's ghost (master PaFi)
 59564 | Zot:5    | Found the +7 great mace "Undeadhunter" {disrupt, rN+}
 59575 | Zot:5    | Killed an ancient lich
 59579 | Zot:5    | Killed a dread lich
 59589 | Zot:5    | Killed an ancient lich
 59590 | Zot:5    | Killed a dread lich
 59598 | Zot:5    | Killed Mitut's ghost
 59603 | Zot:5    | Identified the +0 pair of gloves of the Kettle-Drum
                  | {*Corrode rN+ Stlth+}
 59606 | Zot:5    | Identified the ring of Autotheism {rElec Will+ Str+6 Dex-3
                  | SInv}
 59882 | Zot:5    | Identified the +6 hand axe of Offidgh {flame, rC+ Dex+2}
                  | (Trog gifted it to you on level 5 of the Realm of Zot)
 59882 | Zot:5    | Received a gift from Trog
 59883 | Zot:5    | Noticed an ancient lich
 59888 | Zot:5    | Noticed a dread lich
 59891 | Zot:5    | Noticed an ancient lich
 59900 | Zot:5    | Killed an ancient lich
 59911 | Zot:5    | Killed a dread lich
 59912 | Zot:5    | Noticed an orb of fire
 59916 | Zot:5    | Killed an ancient lich
 59917 | Zot:5    | Noticed an orb of fire
 59926 | Zot:5    | Killed an orb of fire
 59937 | Zot:5    | Killed an orb of fire
 59937 | Zot:5    | Noticed a dread lich
 59944 | Zot:5    | Noticed an ancient lich
 59946 | Zot:5    | Killed a dread lich
 59947 | Zot:5    | Noticed a dread lich
 59947 | Zot:5    | Noticed a dread lich
 59951 | Zot:5    | Noticed a Killer Klown
 59958 | Zot:5    | Killed an ancient lich
 59958 | Zot:5    | Killed a dread lich
 59958 | Zot:5    | Noticed a Killer Klown
 59959 | Zot:5    | Reached XP level 26. HP: 175/246 MP: 1/22
 59967 | Zot:5    | Killed a dread lich
 60167 | Zot:5    | Noticed a dread lich
 60176 | Zot:5    | Killed a dread lich
 60182 | Zot:5    | Noticed an ancient lich
 60192 | Zot:5    | Killed an ancient lich
 60554 | Zot:5    | Received a gift from Trog
 61400 | Zot:5    | Found an ancient bone altar of Kikubaaqudgha.
 61520 | Zot:5    | Got the Orb of Zot
 62055 | D:$      | Escaped with the Orb!

Illustrated notes

Levels and vault maps discovered:
D:1:      minmay_arrival_four_loops, layout_basic,
          shapermc_ecumenical_altar_mp_urbaneastern, minmay_lizard_king
D:2:      layout_loops_ring, uniq_robin
D:3:      layout_loops_ring, mainiacjoe_overflow_catwalk, uniq_jessica,
          uniq_ijyb
D:4:      layout_loops_ring, temple_statues, gammafunk_ghost_mausoleum,
          lightli_sewer_entry_pipes, minmay_misc_feat_cross, uniq_eustachio,
          uniq_blork_the_orc, uniq_natasha
D:5:      layout_loops_ring
D:6:      layout_cave_pods, nicolae_ru_the_path_less_chosen,
          minmay_joined_circles
D:7:      layout_cave_pools, fedhas_altar_1, marbit_many_paths,
          grunt_temple_overflow_open, chequers_serial_rivers_marsh, st_stairs_8,
          minmay_misc_feat_columns, minmay_misc_feat_iff, nicolae_water_bricks,
          uniq_maggie
D:8:      layout_basic, led_sif_pool, nicolae_overflow_hidden_temple,
          minmay_shattered_shrine
D:9:      layout_long_grid, nemelex_diamond_rough_becter, lemuel_doored_altar,
          lemuel_tele_altar, erik_lair_island, orc_david_3, serial_shops, shop,
          nicolae_shop_bloodbath_and_beyond, shop,
          nicolae_shop_overgrown_old_shop
D:10:     layout_loops_ring, enter_bailey_4, uniq_lodul
D:11:     layout_cave_pools, portal_ice_cave_entry_imps
D:12:     layout_long_grid, nicolae_fountain_basement, uniq_frances
D:13:     layout_loops_ring, elyvilon_altar_1
D:14:     layout_cave_pools, hangedman_vaults_entry_quadrant_bands,
          chequers_garden, minmay_evil_grid, uniq_jorgrun
D:15:     hangedman_depths_entry_civil_slaughter, layout_gridville,
          hangedman_abyss_or_decor_lesser_grid
Lair:1:   layout_gridlike, minivault_24
Lair:2:   gammafunk_lair_enchanted_lake, layout_small_grid, serial_rivers,
          chequers_serial_rivers_marsh, chequers_serial_rivers_micro_a,
          chequers_serial_rivers_small_a, chequers_serial_rivers_large_a
Lair:3:   layout_regular_city, fungi_pond_lemuel
Lair:4:   layout_roguey, nicolae_swamp_entry_splash_gauntlet, st_stairs_9,
          beast_lair_carwin_11
Lair:5:   cheibrodos_lair_river_kwai, layout_regular_city
Lair:6:   wormcave, layout_hall_layers, hangedman_lair_in_review, slime_entry_1,
          serial_bayou_lake_a
Swamp:1:  layout_basic_swamp, evilmike_swamp_ruin_house_5
Swamp:2:  layout_basic_swamp, hangedman_swamp_lotus, swamp_pool3,
          infiniplex_staircase_pool
Swamp:3:  nzn_winding_woodlands_three_and_one
          [nzn_winding_woodlands_5x15_parted,
          nzn_winding_woodlands_5x15_crooked, nzn_winding_woodlands_5x15_pool,
          nzn_winding_woodlands_center_garden], layout_basic_swamp,
          evilmike_swamp_ruin_house_6, infiniplex_staircase_pool_2
Swamp:4:  swamp, layout_basic_swamp, swamp_pool2
Snake:1:  layout_onion_interference, serial_bayou_shore_a
Snake:2:  cheibrodos_toxic_ritual, layout_layer_cave,
          gammafunk_ghost_berserking_beasts, serial_bayou_pond_c
Snake:3:  layout_layer_cave, gammafunk_ghost_cemetery, uniq_aizul, uniq_agnes,
          uniq_bai_suzhen
Snake:4:  snake_pit, layout_cave_town, grunt_megastairs_5, uniq_vashnia
Slime:1:  layout_caves
Slime:2:  layout_caves
Slime:3:  layout_caves, amcnicky_altar_lugonu_corruption
Slime:4:  cheibrodos_slime_lost_civilization_1, layout_caves, special_room
          [special_room_jelly]
Slime:5
Orc:1:    layout_diamond_mine, ebering_ghost_reflecting_pool, basic_altar
Orc:2:    st_orc_elflike, layout_caves, hangedman_minor_magic, uniq_maurice,
          uniq_snorg
Elf:1:    minmay_elf_arrival_plus, layout_geoelf_diagonals,
          minmay_elf_annihilation
Elf:2:    elven_hall_of_blades_hangedman_original
          [nicolae_blade_entry_splitting_headache], layout_gridlike
Elf:3:    elf_hall_gauntlet_wide, layout_geoelf_grid, serial_shops, shop,
          nicolae_shop_hallway_plus, nicolae_shop_hallway_plus,
          nicolae_shop_behind_doors, door_vault, uniq_donald
Vaults:1: grunt_tower_of_power, hangedman_vaults_corner_blocks,
          nicolae_vaults_little_squares_6, hangedman_vaults_capsules,
          v_alt_pattern_6, v_misc_17, v_rooms_2, ontoclasm_vaults_shuriken,
          layout_vaults_big_room, uniq_asterion
Vaults:2: minmay_crypt_entry_necro_gods, nicolae_vaults_disjoint_gnomons,
          vaults_dpeg_hooks, hangedman_vaults_corner_blocks,
          grunt_vaults_funnel, ontoclasm_vaults_twist, v_misc_4,
          nicolae_vaults_little_squares_1, layout_vaults_omnigrid
Vaults:3: vaults_room_ringed_pool, vaults_mumra_chevron_long,
          nicolae_vaults_disjoint_gnomons, v_rooms_1, vaults_dpeg_doors,
          v_pattern_3, nicolae_vaults_network_s,
          nicolae_vaults_twisting_passages, layout_vaults_omnicross,
          serial_shops, nicolae_shop_hallway_stairs, uniq_jory
Vaults:4: grunt_vaults_trifunnel, vaults_room_boxed, nicolae_vaults_asterisk,
          vaults_room_large_hall, vaults_dpeg_cross, v_pattern_1, v_misc_8,
          v_misc_27, vaults_mumra_chevron, vaults_mumra_hexcomb,
          nicolae_vaults_network_quinsquares
          [nicolae_vaults_network_quincunx_subvault,
          nicolae_vaults_network_quincunx_subvault,
          nicolae_vaults_network_quincunx_subvault,
          nicolae_vaults_network_quincunx_subvault], vaults_room_pool,
          layout_vaults_omnibox
Vaults:5
Depths:1: layout_cave_shapes, serial_sigils_hangedman_snap, hell_entry,
          trog_three_pillars_becter, minmay_shop_star
Depths:2: cheibrodos_poisonous_passages, layout_cave_pools, grunt_metal_band,
          rand_demon_pan_entry_9, minmay_misc_feat_four_crosses, drop_trap,
          lightli_gold_pyramid, uniq_enchantress
Depths:3: thingy_vault, layout_gridlike, cheibrodos_ashenzari_chains,
          hell_entry, abyss_entry
Depths:4: evilmike_zot_entry_basic, layout_long_grid, enter_ziggurat_f,
          serial_shops, shop, hell_entry, hangedman_decor_peaks_small,
          uniq_margery, uniq_parghit
Zot:1:    layout_twisted_circle
Zot:2:    layout_gridlike
Zot:3:    layout_basic, uniq_tiamat
Zot:4:    layout_onion_interference, grunt_ministairs_15,
          st_small_dragon_hoard_5
Zot:5:    layout_misc_corridors, gammafunk_ghost_crypt

Skill      XL: |  1  2  3  4  5  6  7  8  9 10 11 12 13 14 15 16 17 18 19 20 21 22 23 24 25 26 |
---------------+-------------------------------------------------------------------------------+-----
Axes           | 4 5 6 7 9 10 12 13 15 16 18 | 18.0
Fighting       | 4 5 6 7 8 9 10 11 12 13 15 17 19 20 21 22 | 22.6
Armour         | 3 4 5 6 7 8 9 11 13 14 15 17 18 19 21 22 23 | 23.5
Dodging        | 3 4 5 6 7 8 9 10 12 13 15 16 17 21 22 23 | 23.1
Evocations     | 1 2 3 4 5 6 8 9 11 12 13 15 17 18 19 20 21 | 21.0
Throwing       | 3 9 10 11 12 14 16 18 19 20 | 20.3
Shields        | 1 6 10 12 13 15 16 18 21 | 21.7

Action                   |  1- 3 |  4- 6 |  7- 9 | 10-12 | 13-15 | 16-18 | 19-21 | 22-24 | 25-27 || total
-------------------------+-------+-------+-------+-------+-------+-------+-------+-------+-------++-------
Melee: Hand axe          |    75 |   156 |   246 |       |       |       |       |       |       ||   477
       Headbutt          |    11 |    23 |    51 |    53 |   210 |   212 |   319 |   381 |   180 ||  1440
       Punch             |       |     1 |     1 |     4 |     5 |     1 |       |       |       ||    12
       Broad axe         |       |       |    40 |   270 |   885 |   930 |  1058 |  1140 |   497 ||  4820
Throw: Boomerang         |       |       |     4 |       |    34 |   184 |    94 |   170 |    18 ||   504
       Javelin           |       |       |       |       |       |       |     3 |    10 |       ||    13
       Throwing net      |       |       |       |       |       |       |       |       |     1 ||     1
Invok: Berserk           |     1 |     1 |     6 |    11 |     8 |     4 |     3 |     4 |       ||    38
       Trog's Hand       |       |       |       |     1 |     9 |     3 |     1 |     2 |       ||    16
       Brothers in Arms  |       |       |       |     1 |     6 |     4 |     6 |     5 |     1 ||    23
Evoke: Wand              |       |       |       |     9 |     8 |    11 |       |    17 |    16 ||    61
       Tin of tremorston |       |       |       |       |     3 |     4 |     5 |    10 |     6 ||    28
       Condenser vane    |       |       |       |       |     1 |       |       |     4 |     2 ||     7
       Phial of floods   |       |       |       |       |       |       |     1 |       |       ||     1
       Lightning rod     |       |       |       |       |       |       |       |       |     6 ||     6
       Box of beasts     |       |       |       |       |       |       |       |       |     2 ||     2
  Use: Scroll            |       |       |    10 |     9 |    13 |     2 |     4 |    26 |     9 ||    73
       Potion            |       |       |       |     1 |       |     1 |    11 |     5 |     4 ||    22
 Stab: Distracted        |       |       |       |     1 |     1 |     4 |       |       |     1 ||     7
       Sleeping          |       |       |       |       |     3 |     4 |     1 |       |       ||     8
Armor: Animal skin       |     8 |       |       |       |       |       |       |       |       ||     8
       Scale mail        |     3 |    54 |    40 |       |       |       |    41 |     6 |       ||   144
       Chain mail        |       |       |    44 |       |       |       |    64 |       |       ||   108
       Swamp dragon scal |       |       |    21 |    44 |   209 |   201 |    39 |       |       ||   514
       Gold dragon scale |       |       |       |       |       |       |       |   369 |   164 ||   533
Dodge: Dodged            |    38 |    73 |   152 |   223 |   439 |   293 |   353 |   397 |   196 ||  2164
Block: Other             |       |       |     7 |    64 |    38 |     6 |       |       |       ||   115
       Reflection        |       |       |     1 |     3 |    26 |   121 |    77 |    32 |     9 ||   269
       Buckler           |       |       |       |       |   274 |       |       |       |       ||   274
       Tower shield      |       |       |       |       |    74 |   928 |   232 |       |       ||  1234
       Kite shield       |       |       |       |       |       |       |   701 |   987 |   438 ||  2126

Table legend: (Time is in decaauts)
 A = Elapsed time spent in this place.
 B = Non-inter-level travel time spent in this place.
 C = Inter-level travel time spent in this place.
 D = Time resting spent in this place.
 E = Time spent auto-exploring this place.
 F = Levels seen in this place.
 G = Mean time per level.
                   A        B        C        D        E       F      G
               +--------+--------+--------+--------+--------+-----+--------+
         Total |  61867 |  54733 |   7134 |  16715 |  10904 |  55 | 1124.9 |
       Dungeon |  14660 |  12500 |   2160 |   1931 |   4485 |  15 |  977.3 |
          Lair |   6047 |   5205 |    842 |   1065 |    766 |   6 | 1007.8 |
         Swamp |   3296 |   3112 |    184 |   1053 |    130 |   4 |  824.0 |
     Snake Pit |   4620 |   4486 |    134 |   1436 |    359 |   4 | 1155.0 |
    Slime Pits |    972 |    938 |     34 |    551 |      0 |   5 |  194.4 |
  Orcish Mines |   1835 |   1277 |    558 |     27 |     92 |   2 |  917.5 |
   Elven Halls |   4674 |   4230 |    444 |   1846 |    210 |   3 | 1558.0 |
        Vaults |   8738 |   7575 |   1163 |   2396 |   1212 |   5 | 1747.6 |
        Depths |   8173 |   7102 |   1071 |   3592 |   1250 |   4 | 2043.2 |
           Zot |   8219 |   7678 |    541 |   2784 |   2398 |   5 | 1643.8 |
         Sewer |    373 |    373 |      0 |      0 |      0 |   1 |  373.0 |
        Bailey |    255 |    255 |      0 |     29 |      0 |   1 |  255.0 |
               +--------+--------+--------+--------+--------+-----+--------+

Top non-repeatable levels by time:
Depths:2: 2398 daAuts
Depths:3: 2396 daAuts
   Elf:3: 2295 daAuts
   Zot:3: 2122 daAuts
Vaults:5: 2113 daAuts
Vaults:3: 2073 daAuts
 Snake:3: 1853 daAuts
Vaults:4: 1837 daAuts
   Elf:1: 1827 daAuts
  Lair:6: 1764 daAuts
   Zot:5: 1761 daAuts
Depths:4: 1689 daAuts
Depths:1: 1689 daAuts
   Zot:2: 1653 daAuts
   Zot:4: 1617 daAuts
